 Dungeon Crawl Stone Soup version 0.31-a0-202-g547052bce9 (webtiles) character file.

Game seed: 9072022389681693742

2 qw the Shooter (level 1, 0/12 HPs)
             Began as a Deep Elf Hunter on June 26, 2023.
             Slain by a hobgoblin (3 damage)
             ... on level 1 of the Dungeon.
             The game lasted 00:00:02 (45 turns).

qw the Shooter (Deep Elf Hunter)                      Turns: 45, Time: 00:00:03

Health: 0/12       AC:  3    Str:  8    XL:     1   Next: 33%
Magic:  3/3        EV:  9    Int: 13    God:
Gold:   12         SH:  0    Dex: 18    Spells: 0/0 levels left

rFire   . . .        a - +0 shortbow
rCold   . . .        (shield currently unavailable)
rNeg    . . .        c - +0 leather armour
rPois   .            (no helmet)
rElec   .            (no cloak)
rCorr   .            (no gloves)
SInv    .            (no boots)
Will    .....        (no amulet)
Stlth   ++           (no ring)
HPRegen 0.22/turn    (no ring)
MPRegen 0.08/turn

%: no passive effects
@: constricted
A: no striking features
a: no special abilities


You were on level 1 of the Dungeon.
You visited 1 branch of the dungeon, and saw 1 of its levels.

You collected 12 gold pieces.


   Skills:
 - Level 1.5 Fighting
 + Level 5.5 Ranged Weapons
 - Level 2.4 Dodging
 - Level 1.2 Stealth


You couldn't memorise any spells.
You didn't know any spells.
Your spell library was empty.

Inventory:

Hand Weapons
 a - a +0 shortbow (weapon)
Armour
 c - a +0 leather armour (worn)
Scrolls
 b - a scroll of butterflies

Dungeon Overview and Level Annotations

Branches:
Dungeon (1/15)

Altars:


Message History

You kill the ball python!
A ball python comes into view.
The ball python moves out of view.
A ball python and a hobgoblin come into view.
The hobgoblin shouts!
You hear a shout!
The ball python hisses angrily.
A kobold comes into view. It is wielding a +0 short sword.
You shoot an arrow.
The arrow closely misses the ball python.
You shoot an arrow.
The arrow closely misses the ball python.
The arrow hits the kobold.
The kobold is heavily wounded.
You shoot an arrow.
The arrow hits the ball python but does no damage.
You shoot an arrow.
The arrow barely misses the ball python.
The arrow barely misses the hobgoblin.
The arrow hits the kobold.
You kill the kobold!
The ball python bites you. The ball python grabs you.
The ball python constricts you.
You shoot an arrow.
The arrow closely misses the ball python.
The arrow hits the hobgoblin.
The hobgoblin is heavily wounded.
The ball python bites you but does no damage.
The ball python constricts you.
You shoot an arrow.
The arrow closely misses the ball python.
The ball python bites you. The ball python constricts you.
The hobgoblin closely misses you. The ball python bites you.
The ball python constricts you. The hobgoblin hits you.
You shoot an arrow.
The arrow closely misses the ball python.
The ball python bites you. The ball python constricts you.
The hobgoblin barely misses you.
You shoot an arrow.
The arrow closely misses the ball python.
The ball python closely misses you. The ball python constricts you.
The hobgoblin hits you.
You die...

.. ### #......
####.## #.. #......
........... ......
#.#......##.. #...)#
#.#......##.. #....#
#.#......##..
#....####...........#
#..gS##...........>..
#..%@##)##...........
####.##.#............
#.##...#..........
####.##.)...#####....
#....##.##### ##.#.
#....##.# #.#.
#.......# #.#.
#....#### #.## #....#


You could see a hobgoblin and a ball python.

Vanquished Creatures
  A ball python (D:1)
  2 kobolds (D:1)
3 creatures vanquished.

Notes
Turn   | Place    | Note
-------+----------+-------------------------------------------
     0 | D:1      | qw the Deep Elf Hunter began the quest for the Orb.
     0 | D:1      | Reached XP level 1. HP: 12/12 MP: 3/3
     0 | D:1      | 0 ||| qw: Version: 0.3-a-22-g0ed2b0b
     0 | D:1      | 0 ||| qw: Game counter: 6309
     0 | D:1      | 0 ||| qw: Melee chars always use a shield: true
     0 | D:1      | 0 ||| qw: God list: Okawaru
     0 | D:1      | 0 ||| qw: Allow faded altars: false
     0 | D:1      | 0 ||| qw: Do Orc after clearing Dungeon:15 true
     0 | D:1      | 0 ||| qw: Do second Lair branch before Depths: true
     0 | D:1      | 0 ||| qw: Lair rune preference: random
     0 | D:1      | 0 ||| qw: Goals: Normal
     0 | D:1      | 0 ||| PLANNING D:1-11
    44 | D:1      | HP: 3/12 [ball python (1)]
    45 | D:1      | Slain by a hobgoblin

Levels and vault maps discovered:
D:1:      dpeg_arrival_rooms_with_view, layout_basic, serial_shops, shop

Action                     || total
---------------------------++-------
   Fire: Shortbow          ||    13
 Armour: Leather armour    ||     1
  Dodge: Dodged            ||     5

Table legend:
 A = Non-vault XP
 B = Vault XP
 C = Vault XP percentage of total XP
 D = Non-vault monster count
 E = Vault monster count
 F = Vault count percentage of total count
                 A         B        C        D         E       F
            +---------+---------+-------+---------+---------+-------
      Total |       4 |       0 |   0.0 |       3 |       0 |   0.0
            +---------+---------+-------+---------+---------+-------
        D:1 |       4 |       0 |   0.0 |       3 |       0 |   0.0
            +---------+---------+-------+---------+---------+-------
